 Dungeon Crawl Stone Soup version 0.31-a0-202-g547052bce9 (webtiles) character file.

Game seed: 8178539335354224649

57 qw the Shooter (level 3, -3/20 HPs)
             Began as a Deep Elf Hunter on June 25, 2023.
             Slain by Sigmund
             ... wielding a +0 scythe
              (8 damage)
             ... on level 3 of the Dungeon.
             The game lasted 00:00:36 (1398 turns).

qw the Shooter (Deep Elf Hunter)                    Turns: 1398, Time: 00:00:37

Health: -3/20      AC:  5    Str: 10    XL:     3   Next: 73%
Magic:  5/5        EV: 11    Int: 13    God:
Gold:   113        SH:  0    Dex: 18    Spells: 2/2 levels left

rFire   . . .        Y - +0 shortbow
rCold   . . .        (shield currently unavailable)
rNeg    . . .        h - +0 ring mail
rPois   .            (no helmet)
rElec   .            (no cloak)
rCorr   .            (no gloves)
SInv    .            (no boots)
Will    .....        d - amulet of regeneration
Stlth   +            (no ring)
HPRegen 1.03/turn    (no ring)
MPRegen 0.09/turn

%: no passive effects
@: no status effects
A: no striking features
a: no special abilities


You were on level 3 of the Dungeon.
You visited 1 branch of the dungeon, and saw 3 of its levels.

You collected 113 gold pieces.


   Skills:
 - Level 1.5 Fighting
 + Level 7.2 Ranged Weapons
 - Level 2.4 Dodging
 - Level 1.2 Stealth


You had 2 spell levels left.
You didn't know any spells.
Your spell library was empty.

Inventory:

Hand Weapons
 Y - a +0 shortbow (weapon)
Armour
 h - a +0 ring mail (worn)
Jewellery
 d - an amulet of regeneration (around neck)
Scrolls
 a - a scroll of poison {unknown}
 b - a scroll of fear {unknown}
 e - a scroll of teleportation
 i - 2 scrolls of identify
Potions
 c - a potion of enlightenment {unknown}
 g - a potion of haste

Dungeon Overview and Level Annotations

Branches:
Dungeon (3/15)

Altars:

Annotations:
D:3 Sigmund


Message History

You feel yourself slow down.
You open the door.
There is an open door here.
a - a scroll labelled RATHA KEHUOT
b - a scroll labelled WICEYR CETUHOS As you open the door, it creaks loudly!
There is an open door here.
Found 2 atropa-tipped darts.
Sigmund the Dreaded comes into view.
He is wielding a +0 scythe.
Sigmund shouts!
Sigmund casts a spell.
Sigmund flickers and vanishes!
Deactivating autopickup; reactivate with Ctrl-A.
You shoot an arrow.
You hear some strange, mumbled words.
You are confused.
You shoot an arrow.
You hear some strange, mumbled words.
A puff of flame appears from out of thin air!
The puff of flame hits you. Something hits you but does no damage.
You shoot an arrow. You shoot an arrow. Something hits you!
You shoot an arrow.
You feel less confused. Something hits you but does no damage.
You shoot an arrow. Something hits you but does no damage.
You shoot an arrow. Something hits you!
You shoot an arrow. You shoot an arrow. Something hits you.
You shoot an arrow. Something hits you.
You shoot an arrow. Something hits you.
You shoot an arrow. Something hits you!
You die...

###########
#....{.....
#.#####.#@##
#.#.....(..# ####
#.#.##.....# ...#
#.#.#....#.####.#
...#
#.#.#...........#
...#
#.#.#....#.####...
...# #.#.#..#.#.#
...#####'#.#..#.#.#
................#.#


There were no monsters in sight!

Vanquished Creatures
  3 dart slugs
  6 ball pythons
  3 endoplasms (D:1)
  A giant cockroach (D:3)
  5 goblins (D:1)
  5 hobgoblins
  4 jackals (D:1)
  6 kobolds
  A quokka (D:1)
  4 bats
  2 frilled lizards (D:2)
  5 rats
45 creatures vanquished.

Notes
Turn   | Place    | Note
-------+----------+-------------------------------------------
     0 | D:1      | qw the Deep Elf Hunter began the quest for the Orb.
     0 | D:1      | Reached XP level 1. HP: 12/12 MP: 3/3
     0 | D:1      | 0 ||| qw: Version: 0.3-a-22-g0ed2b0b
     0 | D:1      | 0 ||| qw: Game counter: 5712
     0 | D:1      | 0 ||| qw: Melee chars always use a shield: true
     0 | D:1      | 0 ||| qw: God list: Okawaru
     0 | D:1      | 0 ||| qw: Allow faded altars: false
     0 | D:1      | 0 ||| qw: Do Orc after clearing Dungeon:15 true
     0 | D:1      | 0 ||| qw: Do second Lair branch before Depths: true
     0 | D:1      | 0 ||| qw: Lair rune preference: random
     0 | D:1      | 0 ||| qw: Goals: Normal
     0 | D:1      | 0 ||| PLANNING D:1-11
    89 | D:1      | Reached skill level 6 in Ranged Weapons
    89 | D:1      | Reached XP level 2. HP: 16/16 MP: 4/4
   460 | D:1      | Reached XP level 3. HP: 20/20 MP: 5/5
   650 | D:1      | Found a faded altar of an unknown god.
   841 | D:1      | 841 ||| UPGRADING to +0 ring mail.
   851 | D:1      | 851 ||| DROPPING +0 leather armour.
   852 | D:1      | 852 ||| UPGRADING to amulet of regeneration.
   857 | D:1      | 857 ||| READING scroll labelled BYINITORUH.
   858 | D:1      | 858 ||| READING 2 scrolls labelled JOTWEFY LIH MENID.
   859 | D:1      | 859 ||| READING 2 scrolls labelled GASAB IPETWI.
   860 | D:1      | 860 ||| READING scroll labelled JOFUITZ UCHORU.
   865 | D:1      | 865 ||| READING scroll labelled DEXZALIENK.
   866 | D:1      | 866 ||| DROPPING scroll of butterflies.
   867 | D:1      | 867 ||| DROPPING scroll of fog.
   912 | D:2      | Reached skill level 7 in Ranged Weapons
  1301 | D:2      | 1301 ||| READING scroll labelled HEUNA IK NOFUP.
  1302 | D:2      | 1302 ||| DRINKING 2 lumpy brown potions.
  1303 | D:2      | 1303 ||| READING 2 scrolls of identify.
  1303 | D:2      | 1303 ||| IDENTIFYING sapphire potion
  1304 | D:2      | 1304 ||| DROPPING potion of brilliance.
  1386 | D:3      | Noticed Sigmund
  1397 | D:3      | HP: 4/20 [something (4)]
  1398 | D:3      | Slain by Sigmund

Levels and vault maps discovered:
D:1:      dpeg_arrival_morbid_curiosity, layout_basic,
          ebering_ecumenical_altar_mist
D:2:      layout_basic
D:3:      layout_basic, mainiacjoe_overflow_24_doors, uniq_robin, uniq_jessica,
          uniq_sigmund

Skill      XL: |  1  2  3 |
---------------+----------+-----
Ranged Weapons | 6 7 |  7.2
Fighting       | |  1.5
Dodging        | |  2.4
Stealth        | |  1.2

Action                     || total
---------------------------++-------
   Fire: Shortbow          ||   137
    Use: Scroll            ||     7
         Potion            ||     1
 Armour: Leather armour    ||     9
         Ring mail         ||     8
  Dodge: Dodged            ||    33

Table legend:
 A = Non-vault XP
 B = Vault XP
 C = Vault XP percentage of total XP
 D = Non-vault monster count
 E = Vault monster count
 F = Vault count percentage of total count
                 A         B        C        D         E       F
            +---------+---------+-------+---------+---------+-------
      Total |      72 |      10 |  12.2 |      40 |       5 |  11.1
            +---------+---------+-------+---------+---------+-------
        D:1 |      51 |      10 |  16.4 |      28 |       5 |  15.2
        D:2 |      17 |       0 |   0.0 |      10 |       0 |   0.0
        D:3 |       4 |       0 |   0.0 |       2 |       0 |   0.0
            +---------+---------+-------+---------+---------+-------
